 Dungeon Crawl Stone Soup version 0.30.1-8-g117510f58f (webtiles) character file.

Game seed: 5583670584250147307

94 ringo67 the Shooter (level 4, -1/27 HPs)
             Began as a Kobold Hexslinger on Sept 22, 2023.
             Slain by a gnoll
             ... wielding a +0 flail
             ... led by a gnoll sergeant
              (6 damage)
             ... on level 4 of the Dungeon.
             The game lasted 00:17:28 (2088 turns).

ringo67 the Shooter (Kobold Hexslinger)             Turns: 2088, Time: 00:17:29

Health: -1/27      AC:  6    Str:  7    XL:     4   Next: 94%
Magic:  6/6        EV:  7    Int: 14    God:
Gold:   175        SH:  0    Dex: 23    Spells: 4/5 levels left

rFire   . . .        a - +1 sling
rCold   . . .        (no shield)
rNeg    . . .        s - +0 ring mail
rPois   .            (no helmet)
rElec   .            e - +0 cloak
rCorr   .            (no gloves)
SInv    .            (no boots)
Will    .....        (no amulet)
Stlth   ++           t - +6 ring of dexterity
HPRegen 0.24/turn    (no ring)
MPRegen 0.10/turn

%: no passive effects
@: held
A: small, no large weapons, nightstalker 3
a: no special abilities


You were on level 4 of the Dungeon.
You visited 1 branch of the dungeon, and saw 4 of its levels.

You collected 175 gold pieces.

Inventory:

Hand Weapons
 a - a +1 sling (weapon)
Missiles
 i - 7 poisoned darts
Armour
 c - a +0 robe
 e - a +0 cloak (worn)
 n - a scarf of resistance
 q - a +0 leather armour
 s - a +0 ring mail (worn)
Jewellery
 m - a ring of protection from cold
 t - a +6 ring of dexterity (left hand)
 v - an amulet of reflection
Scrolls
 b - a scroll of poison
 f - 2 scrolls of blinking {unknown}
 h - 5 scrolls of identify {unknown}
 k - a scroll of immolation {unknown}
 l - 2 scrolls of vulnerability {unknown}
 o - a scroll of teleportation {unknown}
 p - a scroll of acquirement {unknown}
Potions
 d - a potion of curing {unknown}
 g - a potion of cancellation {unknown}
 j - 2 potions of attraction {unknown}
 r - a potion of flight {unknown}
 u - a potion of haste {unknown}


   Skills:
 + Level 2.6 Fighting
 + Level 4.0 Ranged Weapons
 + Level 3.7 Dodging
 - Level 1.3 Spellcasting
 - Level 3.1 Hexes


You had 4 spell levels left.
You knew the following spells:

 Your Spells              Type           Power      Damage    Failure   Level
a - Slow                  Hex            36%        N/A       26%         1

Your spell library contained the following spells:

 Spells                   Type           Power      Damage    Failure   Level
 Tukima's Dance           Hex            9%         N/A       58%         3
 Apportation              Tloc           0%         N/A       65%         1
 Necrotise                Necr           0%         1d4       65%         1
 Summon Small Mammal      Summ           0%         N/A       65%         1
 Inner Flame              Hex/Fire       5%         N/A       82%         3
 Portal Projectile        Hex/Tloc       10%        N/A       82%         3
 Cause Fear               Hex            4%         N/A       94%         4
 Vhi's Electric Charge    Tloc/Air       0%         N/A       95%         3
 Passage of Golubria      Tloc           0%         N/A       100%        4
 Arcjolt                  Conj/Air       0%         1d10      100%        5
 Yara's Violent Unravell  Hex/Tmut       2%         3d3       100%        5
 Plasma Beam              Fire/Air       0%         2x1d11    100%        6


Dungeon Overview and Level Annotations

Branches:
Dungeon (4/15)
 Temple: D:4-7

Altars:


Innate Abilities, Weirdness & Mutations

You are small and have problems with some larger weapons.
You are completely attuned to the shadows.


Message History

You shoot a sling bullet. The gnoll shouts!
The sling bullet hits the gnoll.
The gnoll is moderately wounded.
You shoot a sling bullet.
The sling bullet barely misses the gnoll.
The gnoll hits you from afar with a +0 halberd!
There is an escape hatch in the floor here.
Found 4 stones.
Casting: Slow (safe; 26% risk of failure)
Confirm with . or Enter, or press ? or * to list all spells.
Aiming: Slow (safe; 26% risk of failure)
Press: ? - help, Shift-Dir - straight line, f/p - gnoll
Aim: a gnoll, wielding a +0 halberd (lightly wounded, chance to affect: 51%)
The gnoll seems to slow down.
You shoot a sling bullet. The sling bullet hits the gnoll.
The gnoll is heavily wounded.
You shoot a sling bullet. The sling bullet hits the gnoll!
You kill the gnoll!
Your Ranged Weapons skill increases to level 4!
There is a stone staircase leading down here.
You climb downwards.
You hear the hiss of flowing sand.
There is an entrance to an ossuary on this level.
Hurry and find it before the portal is buried!
The gnoll sergeant shouts!
The gnoll shouts! x3
Found a scroll labelled VUQATU SEULONI.
There is a stone staircase leading up here.
The gnoll hits you with a +0 spear.
The gnoll throws a throwing net.
The throwing net hits you.
You become entangled in the net!
You stop ascending the stairs.
The gnoll sergeant hits you from afar with a +0 trident.
You tear a large gash into the net.
The gnoll closely misses you. The gnoll hits you but does no damage.
The gnoll sergeant hits you from afar with a +0 trident.
The gnoll hits you with a +0 flail.
You struggle against the net.
The gnoll hits you from afar with a +0 spear.
* * * LOW HITPOINT WARNING * * *
The gnoll hits you with a +0 flail.
You die...

.....
#...#
#.gg#
#...##.
#g@gg..
......##.
..#.....
# .......
....?...


You could see a gnoll sergeant and 4 gnolls.

Vanquished Creatures
  2 gnolls (D:3)
  An adder (D:2)
  A worm (D:3)
  2 dart slugs (D:1)
  4 endoplasms
  11 giant cockroaches
  3 goblins (D:1)
  7 kobolds
  6 quokkas
  5 ball pythons
  4 bats
  7 frilled lizards
  5 rats
58 creatures vanquished.

Notes
Turn   | Place    | Note
-------+----------+-------------------------------------------
     0 | D:1      | ringo67 the Kobold Hexslinger began the quest for the Orb.
     0 | D:1      | Reached XP level 1. HP: 12/12 MP: 2/2
    87 | D:1      | Reached XP level 2. HP: 12/16 MP: 3/3
   186 | D:1      | Reached skill level 3 in Ranged Weapons
   281 | D:1      | Reached XP level 3. HP: 21/21 MP: 5/5
   648 | D:2      | Found a faded altar of an unknown god.
   910 | D:2      | Reached XP level 4. HP: 26/26 MP: 6/6
  1585 | D:3      | Noticed a phantom
  2067 | D:3      | Reached skill level 4 in Ranged Weapons
  2085 | D:4      | Noticed a gnoll sergeant
  2088 | D:4      | Slain by a gnoll

Illustrated notes

Levels and vault maps discovered:
D:1:      saegor_arrival_miasma, layout_rooms
D:2:      minmay_roachtagon, layout_basic, shapermc_ecumenical_altar_notcrosses
D:3:      layout_rooms, small_statue_intersection, corexii_hall_statues_l
D:4:      minmay_razor_zed, layout_basic, minmay_temple_entry_antechambers,
          lightli_ossuary_entry_decrepit_ruins

Skill      XL: |  1  2  3  4 |
---------------+-------------+-----
Ranged Weapons | 3 4 |  4.0
Dodging        | 3 |  3.7
Fighting       | 2 |  2.6
Spellcasting   | |  1.3
Hexes          | |  3.1

Action                     |  1- 3 |  4- 6 || total
---------------------------+-------+-------++-------
   Fire: Sling             |    91 |    63 ||   154
   Cast: Slow              |       |     1 ||     1
 Armour: Robe              |    10 |     2 ||    12
         Leather armour    |       |     8 ||     8
         Ring mail         |       |     5 ||     5
  Dodge: Dodged            |    36 |    62 ||    98
